[Event "Fagernes GM Swiss 2020"]
[Site "Fagernes"]
[Date "2020.10.09"]
[Round "7.19"]
[White "Sorensen, Simen"]
[Black "Skaslien, Ingrid"]
[Result "1-0"]
[ECO "D36"]
[WhiteElo "2047"]
[BlackElo "1976"]
[Annotator "ChessBase"]
[PlyCount "67"]
[EventDate "2020.10.04"]
[EventType "swiss"]
[EventCountry "NOR"]
[SourceTitle "playchess.com"]
[Source "ChessBase"]
[SourceQuality "1"]
[TimeControl "40/6000+30:2400+30"]

1. d4 Nf6 2. c4 e6 3. Nf3 d5 4. Nc3 c6 5. Bg5 h6 6. Bxf6 Qxf6 7. e3 Nd7 8. Qc2 Bd6 9. cxd5 exd5 10. Bd3 O-O 11. O-O Qd8 12. Rab1 Re8 13. b4 a6 14. a4 Nf6 15. b5 axb5 16. axb5 Bg4 17. Bf5 Bxf3 18. gxf3 Nh5 19. Ne2 Qg5+ 20. Ng3 g6 21. f4 Qf6 22. Nxh5 gxh5 23. bxc6 bxc6 24. Rb6 Kh8 25. Rxc6 Rg8+ 26. Kh1 Qg7 27. Bh3 Be7 28. Qf5 Ra2 29. Qxh5 f6 30. Rcc1 Ra5 31. Rg1 Qf8 32. Rxg8+ Kxg8 33. Rg1+ Kh8 34. Be6 1-0

[Event "Fagernes GM Swiss 2020"]
[Site "Fagernes"]
[Date "2020.10.09"]
[Round "7.20"]
[White "Bentsen, Hakon"]
[Black "Nielsen, Andre"]
[Result "1/2-1/2"]
[ECO "C54"]
[WhiteElo "2120"]
[BlackElo "2218"]
[Annotator "ChessBase"]
[PlyCount "71"]
[EventDate "2020.10.04"]
[EventType "swiss"]
[EventCountry "NOR"]
[SourceTitle "playchess.com"]
[Source "ChessBase"]
[SourceQuality "1"]
[TimeControl "40/6000+30:2400+30"]

1. e4 e5 2. Nf3 Nc6 3. Bc4 Nf6 4. d3 Bc5 5. c3 a6 6. a4 d6 7. h3 Ba7 8. O-O h6 9. Na3 Ne7 10. Nc2 Ng6 11. Be3 O-O 12. Re1 Bb8 13. Bc1 c6 14. d4 Nxe4 15. dxe5 d5 16. Bd3 f5 17. exf6 Qxf6 18. Bxe4 dxe4 19. Rxe4 Bf5 20. Rd4 c5 21. Rd5 Be4 22. Ne3 Bxd5 23. Nxd5 Qd6 24. Be3 Ne5 25. Nxe5 Qxe5 26. Bxc5 Qh2+ 27. Kf1 Re8 28. Ne7+ Rxe7 29. Bxe7 Qh1+ 30. Ke2 Qxg2 31. Qd8+ Kh7 32. Qd3+ Kh8 33. Qf3 Qh2 34. Qf8+ Kh7 35. Qf5+ Kg8 36. Qf8+ 1/2-1/2

[Event "Fagernes GM Swiss 2020"]
[Site "Fagernes"]
[Date "2020.10.09"]
[Round "7.21"]
[White "Fuglestein, Sander"]
[Black "Royset, Pal"]
[Result "1-0"]
[ECO "E11"]
[WhiteElo "2109"]
[BlackElo "2150"]
[Annotator "ChessBase"]
[PlyCount "71"]
[EventDate "2020.10.04"]
[EventType "swiss"]
[EventCountry "NOR"]
[SourceTitle "playchess.com"]
[Source "ChessBase"]
[SourceQuality "1"]
[TimeControl "40/6000+30:2400+30"]

1. d4 Nf6 2. c4 e6 3. g3 Bb4+ 4. Bd2 Be7 5. Bg2 d5 6. Nf3 O-O 7. O-O Nbd7 8. Qc2 c6 9. b3 Ne4 10. Nc3 f5 11. Be3 Bd6 12. Nxe4 fxe4 13. Ne1 Nf6 14. f3 exf3 15. Nxf3 Bd7 16. Bg5 h6 17. Bxf6 Rxf6 18. e4 Rf8 19. Kh1 dxc4 20. Qxc4 Qe8 21. a4 a5 22. Qd3 b5 23. e5 Bb4 24. Nh4 Rxf1+ 25. Rxf1 Be7 26. Ng6 bxa4 27. bxa4 Rb8 28. Be4 c5 29. d5 c4 30. Qxc4 Rb4 31. Qd3 Rxa4 32. d6 Bd8 33. Rf8+ Qxf8 34. Nxf8 Kxf8 35. Qf3+ Kg8 36. Bg6 1-0

[Event "Fagernes GM Swiss 2020"]
[Site "Fagernes"]
[Date "2020.10.09"]
[Round "7.22"]
[White "Machlik, Monika"]
[Black "Melaa, Sondre"]
[Result "1-0"]
[ECO "D36"]
[WhiteElo "2082"]
[BlackElo "2210"]
[Annotator "ChessBase"]
[PlyCount "79"]
[EventDate "2020.10.04"]
[EventType "swiss"]
[EventCountry "NOR"]
[SourceTitle "playchess.com"]
[Source "ChessBase"]
[SourceQuality "1"]
[TimeControl "40/6000+30:2400+30"]

1. d4 d5 2. c4 e6 3. Nc3 Nf6 4. cxd5 exd5 5. Bg5 c6 6. e3 Be7 7. Qc2 Nbd7 8. Bd3 h6 9. Bh4 Nh5 10. Bxe7 Qxe7 11. Nge2 Nb6 12. O-O O-O 13. Rae1 Bd7 14. Nc1 Rae8 15. Nb3 Nc8 16. Nc5 Nd6 17. b4 b6 18. Nxd7 Qxd7 19. a4 Nf6 20. Rc1 Qb7 21. Qe2 Nde4 22. Rc2 Qe7 23. Rb1 Rc8 24. h3 Nxc3 25. Rxc3 c5 26. bxc5 bxc5 27. dxc5 Rxc5 28. Rxc5 Qxc5 29. Qc2 Qe7 30. Qc6 Qe5 31. Qc5 Ra8 32. a5 g6 33. Rb7 Rb8 34. a6 Qa1+ 35. Kh2 Re8 36. Rxa7 Qe5+ 37. g3 Ne4 38. Bxe4 Qxe4 39. Qc6 Rf8 40. Qf6 1-0

[Event "Fagernes GM Swiss 2020"]
[Site "Fagernes"]
[Date "2020.10.09"]
[Round "7.23"]
[White "Grover, Sigurd Loe"]
[Black "Kvendseth, Thyra"]
[Result "1-0"]
[ECO "E91"]
[WhiteElo "2145"]
[BlackElo "2017"]
[Annotator "ChessBase"]
[PlyCount "75"]
[EventDate "2020.10.04"]
[EventType "swiss"]
[EventCountry "NOR"]
[SourceTitle "playchess.com"]
[Source "ChessBase"]
[SourceQuality "1"]
[TimeControl "40/6000+30:2400+30"]

1. d4 Nf6 2. c4 g6 3. Nc3 Bg7 4. e4 d6 5. Be2 O-O 6. Be3 c6 7. Nf3 Bg4 8. O-O Na6 9. a3 c5 10. d5 Nd7 11. Qd2 Re8 12. Rac1 Bxf3 13. Bxf3 Ne5 14. Be2 Qd7 15. h3 f5 16. f4 Nf7 17. exf5 Qxf5 18. Bg4 Bxc3 19. Rxc3 Qf6 20. b4 b6 21. Rb3 Nc7 22. f5 g5 23. Bh5 h6 24. Bxf7+ Kxf7 25. Qe2 Kg7 26. Bc1 Kh7 27. Bb2 Qf7 28. Re3 b5 29. bxc5 bxc4 30. f6 Nxd5 31. fxe7 Nf4 32. Qc2+ Kg8 33. cxd6 Rab8 34. Qc3 Rxb2 35. Qxb2 Qd5 36. g3 Qc5 37. Qe5 Nd5 38. Qe6+ 1-0

[Event "Fagernes GM Swiss 2020"]
[Site "Fagernes"]
[Date "2020.10.09"]
[Round "7.24"]
[White "Bjerke, Richard"]
[Black "Flatebo, Hallvard Haug"]
[Result "1-0"]
[ECO "A87"]
[WhiteElo "2144"]
[BlackElo "1877"]
[Annotator "ChessBase"]
[PlyCount "137"]
[EventDate "2020.10.04"]
[EventType "swiss"]
[EventCountry "NOR"]
[SourceTitle "playchess.com"]
[Source "ChessBase"]
[SourceQuality "1"]
[TimeControl "40/6000+30:2400+30"]

1. d4 f5 2. g3 Nf6 3. Bg2 g6 4. Nf3 d6 5. O-O Bg7 6. c4 O-O 7. Nc3 e6 8. Rb1 a5 9. a3 Qe7 10. b4 axb4 11. axb4 c6 12. c5 Ne4 13. Qb3 dxc5 14. bxc5 Nd7 15. Bb2 Nxc3 16. Bxc3 Kh8 17. Qc4 e5 18. dxe5 Nxe5 19. Nxe5 Bxe5 20. Ra1 Bd7 21. Rfd1 Rxa1 22. Rxa1 Qf6 23. Bxe5 Qxe5 24. Rd1 Be6 25. Qd4 Qxd4 26. Rxd4 Ra8 27. Bf3 Ra5 28. Rd6 Bc4 29. Rd8+ Bg8 30. Rd7 Rb5 31. h4 h6 32. h5 g5 33. Re7 Bd5 34. Bxd5 cxd5 35. Rd7 Rxc5 36. Rxb7 d4 37. Rd7 Rc2 38. Kf1 Rc1+ 39. Kg2 Re1 40. Rxd4 Rxe2 41. Rd5 f4 42. gxf4 gxf4 43. Kf3 Ra2 44. Rf5 Kg7 45. Rxf4 Ra3+ 46. Kg4 Ra1 47. Rf5 Rg1+ 48. Kf4 Ra1 49. Rb5 Ra4+ 50. Kf5 Ra7 51. f4 Rf7+ 52. Kg4 Ra7 53. Rc5 Rd7 54. Rc6 Ra7 55. Rg6+ Kh7 56. Re6 Kg7 57. Kf5 Ra5+ 58. Re5 Ra7 59. Rc5 Re7 60. Rc6 Rf7+ 61. Ke5 Ra7 62. f5 Re7+ 63. Re6 Ra7 64. Rg6+ Kh7 65. Rd6 Kg7 66. Ke6 Ra8 67. f6+ Kh7 68. Rd7+ Kg8 69. Kf5 1-0

[Event "Fagernes GM Swiss 2020"]
[Site "Fagernes"]
[Date "2020.10.10"]
[Round "8.14"]
[White "Torngren, Gustav"]
[Black "Kvaloy, Aksel Bu"]
[Result "1-0"]
[ECO "C44"]
[WhiteElo "2185"]
[BlackElo "2174"]
[Annotator "NA"]
[PlyCount "59"]
[EventDate "2020.10.04"]
[EventType "swiss"]
[EventCountry "NOR"]
[SourceTitle "playchess.com"]
[Source "ChessBase"]
[SourceQuality "1"]
[TimeControl "40/6000+30:2400+30"]

1. d3 e5 2. Nf3 Nc6 3. e4 Nf6 4. c3 d5 5. Nbd2 a5 6. a4 {[%emt 0:00:15] C44: Ponziani Opening and Scotch Gambit.} Bc5 7. Be2 O-O 8. Qc2 Re8 9. h3 {[%emt 0:04:52] [#]} Ba7 $146 ({Predecessor:} 9... h6 10. O-O Be6 11. Re1 Ba7 12. Nf1 Qd7 13. Ng3 Bxh3 14. gxh3 Qxh3 15. d4 exd4 {0-1 (49) Friedland,J (2148)-Jones,R (2391) Amersham 2012}) 10. Nf1 dxe4 11. dxe4 Nd7 12. Bg5 f6 13. Bc4+ Kh8 14. Be3 Bxe3 15. Nxe3 Nc5 16. Rd1 Bd7 17. h4 Qc8 18. h5 Ne7 19. Nh4 Bxa4 $18 (19... Be6 $11 {and Black stays safe.}) 20. Ng6+ Nxg6 21. hxg6 h6 22. b3 Bc6 23. f3 Rf8 24. Nf5 Qe8 25. Qf2 b6 26. Nxh6 gxh6 27. Rxh6+ Kg7 28. Rh7+ Kxg6 29. Qh4 Bxe4 30. Qh5# 1-0

[Event "Fagernes GM Swiss 2020"]
[Site "Fagernes"]
[Date "2020.10.10"]
[Round "8.16"]
[White "Dolzhikova, Olga"]
[Black "Sorensen, Simen"]
[Result "1-0"]
[ECO "B22"]
[WhiteElo "2208"]
[BlackElo "2047"]
[Annotator "NA"]
[PlyCount "111"]
[EventDate "2020.10.04"]
[EventType "swiss"]
[EventCountry "NOR"]
[SourceTitle "playchess.com"]
[Source "ChessBase"]
[SourceQuality "1"]
[TimeControl "40/6000+30:2400+30"]

1. e4 c5 2. c3 Nf6 3. e5 Nd5 4. d4 cxd4 5. Qxd4 e6 6. Nf3 Nc6 7. Qe4 d6 8. Bb5 {[%emt 0:00:37] is now more promising than 8.Nbd2.} Bd7 9. c4 Nc7 {[%emt 0:02:30] B22: Sicilian: 2 c3.} 10. exd6 Bxd6 11. O-O O-O 12. Rd1 Be7 13. Nc3 Qc8 {[%emt 0:03:00] [#]} 14. Bf4 $146 ({Predecessor:} 14. Ba4 Ne8 15. Bf4 Nf6 16. Qe2 a6 17. Rac1 Na5 18. Bxd7 Nxd7 19. Ne4 e5 20. Nxe5 Nxe5 21. Bxe5 {0-1 (33) Veganzonez Rojo,D (2149)-Teran Alvarez,I (2384) Linares 2017}) 14... f6 15. Bd6 Bxd6 16. Rxd6 e5 17. Ba4 Bf5 18. Qe3 Rd8 19. c5 Ne6 20. Nd5 Re8 21. b4 $16 Ned4 22. Nxd4 exd4 23. Qd2 d3 24. Nf4 a5 25. Bxc6 bxc6 26. Nxd3 Bxd3 27. Qxd3 axb4 28. Qc4+ Kh8 29. Qxb4 Re2 30. h3 h5 31. a4 Rb8 32. Qd4 Qe8 33. Kh2 Kh7 34. Rd1 Ra8 35. Qf4 Qe5 36. Qxe5 fxe5 37. Rxc6 Rxa4 38. Rd7 Rxf2 39. Rcc7 Raa2 40. Rxg7+ Kh6 41. Rg8 Rf5 42. Rc6+ Kh7 43. Re8 Rg5 44. Re7+ Rg7 45. Rxg7+ Kxg7 46. Re6 Re2 47. Kg3 e4 48. c6 Rc2 49. Kf4 Rxg2 50. Kxe4 Rd2 51. Ke5 h4 52. c7 Rc2 53. Kd6 Kf7 54. Re5 Kf6 55. Rc5 Rd2+ 56. Kc6 1-0

[Event "Fagernes GM Swiss 2020"]
[Site "Fagernes"]
[Date "2020.10.10"]
[Round "8.17"]
[White "Eliseev, Sergey"]
[Black "Shehzad, Shazil"]
[Result "1-0"]
[ECO "A09"]
[WhiteElo "2025"]
[BlackElo "2188"]
[Annotator "ChessBase"]
[PlyCount "119"]
[EventDate "2020.10.04"]
[EventType "swiss"]
[EventCountry "NOR"]
[SourceTitle "playchess.com"]
[Source "ChessBase"]
[SourceQuality "1"]
[TimeControl "40/6000+30:2400+30"]

1. Nf3 d5 2. c4 d4 3. g3 g6 4. d3 Bg7 5. Bg2 e5 6. O-O Ne7 7. Na3 O-O 8. e3 Nbc6 9. exd4 Nxd4 10. Nxd4 Qxd4 11. Be3 Qd7 12. Nb5 Nf5 13. Bc5 Rd8 14. Nxa7 c6 15. Bb6 Re8 16. Bh3 Qe7 17. Nxc8 Rexc8 18. Qf3 c5 19. Bxf5 gxf5 20. a4 Rc6 21. a5 Qf6 22. Ra3 Re8 23. Re1 Qg5 24. h4 Qd2 25. Re2 Qd1+ 26. Kg2 f4 27. Re4 Qc1 28. Re2 fxg3 29. Qe3 Qb1 30. fxg3 e4 31. Qg1 Qxg1+ 32. Kxg1 e3 33. Ra1 Rd6 34. Rd1 Bd4 35. Kg2 Ra8 36. Rb1 Re8 37. Rf1 Ree6 38. Rf5 Bxb2 39. Bxc5 Rxd3 40. Rxb2 e2 41. Rg5+ Kh8 42. Bf2 Rd1 43. Rxb7 h6 44. Rd5 Rf1 45. Bd4+ Kh7 46. Bc3 Re3 47. Bb4 Rb1 48. Rxf7+ Kg8 49. Rf8+ Kg7 50. Rd7+ Kg6 51. Rg8+ Kf6 52. Rgg7 Rb2 53. Rgf7+ Kg6 54. Rg7+ Kf6 55. Be1 Rb1 56. Rdf7+ Ke5 57. Re7+ Kd4 58. Rxe3 Kxe3 59. Re7+ Kd3 60. Kf2 1-0

[Event "Fagernes GM Swiss 2020"]
[Site "Fagernes"]
[Date "2020.10.10"]
[Round "8.18"]
[White "Nielsen, Andre"]
[Black "Holleland, Sigve"]
[Result "0-1"]
[ECO "B68"]
[WhiteElo "2218"]
[BlackElo "2133"]
[Annotator "NA"]
[PlyCount "88"]
[EventDate "2020.10.04"]
[EventType "swiss"]
[EventCountry "NOR"]
[SourceTitle "playchess.com"]
[Source "ChessBase"]
[SourceQuality "1"]
[TimeControl "40/6000+30:2400+30"]

1. e4 c5 2. Nf3 Nc6 3. d4 cxd4 4. Nxd4 Nf6 5. Nc3 d6 6. Bg5 e6 7. Qd2 Bd7 {[%emt 0:00:28] [#]} 8. O-O-O ({White should play} 8. Ndb5 $1 $16) 8... a6 9. f4 Be7 {[%emt 0:01:11] is now debated instead of 9...b5.} 10. Be2 b5 11. Bxf6 {[%emt 0:05:09] B68: Sicilian: Richter-Rauzer: 7...a6 8 0-0-0 Bd7 9 f4 Be7 .} Bxf6 12. Nxc6 Bxc6 13. Qxd6 Qb6 {[%emt 0:13:22] [#]} 14. Nd5 $146 ({Predecessor:} 14. Bxb5 axb5 15. Nd5 exd5 16. exd5 Be7 17. Rhe1 O-O 18. Rxe7 Rxa2 19. dxc6 Ra1+ 20. Kd2 Rd8 21. Rd7 Rxd7 22. Qxd7 Qf2+ 23. Kc3 Qc5+ 24. Kd2 Qf2+ 25. Kc3 {½-½ (25) Schmider,N (2280)-Baskin,R (2381) Neustadt an der Weinstrasse 2020}) 14... exd5 15. exd5 Qe3+ 16. Kb1 Bd7 17. Rhe1 Qa7 $1 18. Bxb5+ Kd8 19. Bc6 {[%emt 0:00:30] [#]} Rb8 $15 20. c3 Qc7 21. Qa3 Qb6 22. Rd2 Kc7 23. Bxd7 Kxd7 24. c4 Qb4 25. Qxb4 Rxb4 26. Rc2 Rhb8 27. Ree2 Kd6 28. g4 Kc5 29. g5 Bd4 30. b3 a5 31. Re7 a4 32. Rc7+ Kd6 33. Rxf7 axb3 34. axb3 Rxb3+ 35. Kc1 Rd3 36. Re2 Rc3+ 37. Rc2 Be3+ 38. Kd1 Rb1+ 39. Ke2 Rxc2+ 40. Kxe3 Rxc4 41. Rxg7 Rb3+ 42. Kd2 Rxf4 43. Rxh7 Rf2+ 44. Kc1 Rc3+ 0-1

[Event "Fagernes GM Swiss 2020"]
[Site "Fagernes"]
[Date "2020.10.10"]
[Round "8.19"]
[White "Fossan, Aleksander"]
[Black "Fuglestein, Sander"]
[Result "1/2-1/2"]
[ECO "B13"]
[WhiteElo "2171"]
[BlackElo "2109"]
[Annotator "ChessBase"]
[PlyCount "42"]
[EventDate "2020.10.04"]
[EventType "swiss"]
[EventCountry "NOR"]
[SourceTitle "playchess.com"]
[Source "ChessBase"]
[SourceQuality "1"]
[TimeControl "40/6000+30:2400+30"]

1. e4 c6 2. d4 d5 3. exd5 cxd5 4. c4 Nf6 5. Nc3 Nc6 6. Bg5 dxc4 7. Bxc4 h6 8. Bf4 e6 9. Nf3 Be7 10. O-O O-O 11. a3 b6 12. Qd3 Bb7 13. Rad1 Rc8 14. Rfe1 Bd6 15. Be5 Ng4 16. Bxd6 Qxd6 17. Ne4 Qd8 18. Ba2 Ne7 19. h3 Bxe4 20. Qxe4 Nf6 21. Qd3 Qc7 1/2-1/2

[Event "Fagernes GM Swiss 2020"]
[Site "Fagernes"]
[Date "2020.10.10"]
[Round "8.20"]
[White "Skaslien, Ingrid"]
[Black "Brodtkorb, Lars Johan"]
[Result "1/2-1/2"]
[ECO "D36"]
[WhiteElo "1976"]
[BlackElo "2166"]
[Annotator "NA"]
[PlyCount "139"]
[EventDate "2020.10.04"]
[EventType "swiss"]
[EventCountry "NOR"]
[SourceTitle "playchess.com"]
[Source "ChessBase"]
[SourceQuality "1"]
[TimeControl "40/6000+30:2400+30"]

1. d4 d5 2. c4 e6 3. Nc3 Nf6 4. cxd5 exd5 5. Bg5 c6 6. e3 Be7 7. Bd3 Nbd7 8. Qc2 Nf8 9. Nge2 Ne6 10. Bh4 g6 11. O-O O-O 12. Rad1 Bd7 13. Nf4 Nxf4 14. exf4 Nh5 15. Bxe7 Qxe7 16. Rfe1 Qd6 17. g3 Rae8 18. f5 $17 Kg7 19. Re2 Qb4 20. Rxe8 Rxe8 21. Ne2 Nf6 22. a3 Qe7 23. Nf4 a5 24. Qd2 a4 25. Qc2 b5 26. Rc1 g5 27. Ng2 Ne4 28. Ne3 f6 29. Re1 Nd6 30. Re2 Qd8 31. Qc5 Qb8 32. Nc2 Rxe2 33. Bxe2 Nc8 34. Nb4 Qb6 35. Qc3 Nd6 36. g4 Ne4 37. Qe3 Qc7 38. f3 Nd6 39. Qe7+ Nf7 40. Kg2 Qd6 41. Qe3 Kf8 42. Nd3 Qe7 43. Kf2 Qd6 44. Kg2 Qe7 45. Kf2 Nd6 46. Nc5 Bc8 47. f4 h5 48. h3 hxg4 49. hxg4 Qxe3+ 50. Kxe3 Ke7 51. fxg5 fxg5 52. Bd3 Ne8 53. Be2 Nd6 54. Kd2 Nb7 55. Nxb7 Bxb7 56. Kc3 Kd6 57. Kb4 Bc8 58. Bd3 Bd7 59. Be2 Be8 60. Bd1 Bd7 61. b3 axb3 62. Bxb3 Bc8 63. Bd1 Bd7 64. Be2 Be8 65. Bd3 Bd7 66. Ka5 Kc7 67. Ka6 Bc8+ 68. Ka5 Bd7 69. Bc2 Bc8 70. Kb4 1/2-1/2

[Event "Fagernes GM Swiss 2020"]
[Site "Fagernes"]
[Date "2020.10.10"]
[Round "8.21"]
[White "Bentsen, Hakon"]
[Black "Grover, Sigurd Loe"]
[Result "1-0"]
[ECO "C06"]
[WhiteElo "2120"]
[BlackElo "2145"]
[Annotator "ChessBase"]
[PlyCount "89"]
[EventDate "2020.10.04"]
[EventType "swiss"]
[EventCountry "NOR"]
[SourceTitle "playchess.com"]
[Source "ChessBase"]
[SourceQuality "1"]
[TimeControl "40/6000+30:2400+30"]

1. e4 e6 2. d4 d5 3. Nd2 Nf6 4. e5 Nfd7 5. Bd3 c5 6. c3 Nc6 7. Ne2 cxd4 8. cxd4 f6 9. exf6 Nxf6 10. O-O Bd6 11. Nf3 Qc7 12. Nc3 a6 13. Bd2 O-O 14. Rc1 Bd7 15. Re1 Ng4 16. Bxh7+ Kh8 17. g3 Be8 18. Rxe6 Nxf2 19. Kxf2 Bh5 20. Nxd5 Bxf3 21. Nxc7 Bxd1+ 22. Ke1 Bxc7 23. Kxd1 Kxh7 24. d5 Nd4 25. Rxc7 Nxe6 26. dxe6 Rae8 27. Bc3 Rxe6 28. Rxg7+ Kh6 29. Rxb7 Rf2 30. h4 Rg2 31. a4 Rxg3 32. Kc2 Rg4 33. a5 Rxh4 34. Rb6 Rhe4 35. Bd4 Rxb6 36. Bxb6 Kg6 37. Kc3 Kf5 38. b4 Ke5 39. Bc5 Kd5 40. Kd3 Rh4 41. Kd2 Rh3 42. Kc2 Kc4 43. Kd2 Rh2+ 44. Ke3 Rd2 45. Kxd2 1-0

[Event "Fagernes GM Swiss 2020"]
[Site "Fagernes"]
[Date "2020.10.10"]
[Round "8.22"]
[White "Machlik, Monika"]
[Black "Bjerke, Richard"]
[Result "1-0"]
[ECO "E32"]
[WhiteElo "2082"]
[BlackElo "2144"]
[Annotator "NA"]
[PlyCount "103"]
[EventDate "2020.10.04"]
[EventType "swiss"]
[EventCountry "NOR"]
[SourceTitle "playchess.com"]
[Source "ChessBase"]
[SourceQuality "1"]
[TimeControl "40/6000+30:2400+30"]

1. d4 Nf6 2. c4 e6 3. Nc3 Bb4 4. Qc2 O-O 5. a3 Bxc3+ 6. Qxc3 b6 7. Bg5 Bb7 8. f3 h6 9. Bh4 d5 10. e3 c5 11. dxc5 Nbd7 12. cxd5 g5 13. Bf2 Nxd5 14. Qc2 Nxc5 15. e4 Nf6 16. Rd1 Ncd7 17. Bb5 a6 $16 18. Bxd7 Nxd7 19. Ne2 b5 20. O-O Rc8 21. Nc3 Qc7 22. Bg3 Qb6+ 23. Kh1 Nf6 24. Rd6 Rc6 25. Rxc6 Bxc6 26. Rd1 Rd8 27. Bf2 Rxd1+ 28. Nxd1 Qb7 29. Qd3 Qd7 30. Qxd7 Nxd7 31. Bd4 f6 32. Kg1 Kf7 33. Kf2 Ke7 34. Ke2 Kd6 35. Kd3 h5 36. Nf2 f5 37. b4 Ne5+ 38. Bxe5+ Kxe5 39. Ke3 fxe4 40. fxe4 Kd6 41. Nh3 g4 42. Nf4 Be8 43. Nd3 Bc6 44. Kf4 Bb7 45. Nc5 Bc8 46. Kg5 a5 47. Kxh5 axb4 48. axb4 g3 49. hxg3 Ke5 50. g4 Kf6 51. g5+ Kg7 52. e5 1-0

[Event "Fagernes GM Swiss 2020"]
[Site "Fagernes"]
[Date "2020.10.10"]
[Round "8.23"]
[White "Royset, Pal"]
[Black "Melaa, Sondre"]
[Result "0-1"]
[ECO "B01"]
[WhiteElo "2150"]
[BlackElo "2210"]
[Annotator "NA"]
[PlyCount "94"]
[EventDate "2020.10.04"]
[EventType "swiss"]
[EventCountry "NOR"]
[SourceTitle "playchess.com"]
[Source "ChessBase"]
[SourceQuality "1"]
[TimeControl "40/6000+30:2400+30"]

1. e4 d5 2. exd5 Qxd5 3. Nc3 Qd8 4. Nf3 Nf6 5. Bc4 a6 6. O-O b5 7. Bb3 c5 8. d3 e6 9. Re1 Be7 10. Ne5 Bb7 {[%emt 0:07:22] [#]} (10... O-O $11 {keeps the balance.}) 11. Qe2 $1 O-O 12. Nxf7 Kxf7 13. Bxe6+ Ke8 14. Bg5 Qd6 15. Qe3 b4 16. Na4 Qc6 {[%emt 0:04:04] [#]} (16... Kd8 $16 {was necessary.}) 17. Bh3 $1 Rf7 18. Nxc5 Bc8 $18 (18... Kf8 $142 19. Nxb7 Qxb7) 19. d4 Bxh3 20. Qxh3 Kf8 21. Re6 Qc7 22. Re5 Kg8 23. Rae1 Nc6 24. Ne6 Qd7 25. Qb3 Nxe5 26. Rxe5 Kh8 27. h3 Bd6 28. Nc5 Bxc5 29. dxc5 Re8 30. Rxe8+ Qxe8 31. Qxb4 h6 32. Bd2 Qe4 33. Qxe4 Nxe4 34. Be3 Rc7 35. b4 Nc3 36. a3 Kg8 37. Kf1 Rd7 38. g3 Kf7 39. g4 Ke6 40. f4 Kd5 41. f5 Ke4 42. c6 Rc7 43. Bc5 Rxc6 44. Bf8 g6 45. Bxh6 gxf5 46. g5 Kf3 47. Bg7 Ne4 0-1

[Event "Fagernes GM Swiss 2020"]
[Site "Fagernes"]
[Date "2020.10.10"]
[Round "8.24"]
[White "Kvendseth, Thyra"]
[Black "Flatebo, Hallvard Haug"]
[Result "1-0"]
[ECO "D02"]
[WhiteElo "2017"]
[BlackElo "1877"]
[Annotator "NA"]
[PlyCount "121"]
[EventDate "2020.10.04"]
[EventType "swiss"]
[EventCountry "NOR"]
[SourceTitle "playchess.com"]
[Source "ChessBase"]
[SourceQuality "1"]
[TimeControl "40/6000+30:2400+30"]

1. Nf3 Nf6 2. g3 g6 3. Bg2 d5 4. d4 Bg7 5. O-O O-O 6. Nbd2 c6 7. b3 Qc7 8. Bb2 Nbd7 9. c4 b6 10. Rc1 e6 11. Ne5 Bb7 12. Qc2 Nxe5 13. dxe5 Ng4 14. cxd5 exd5 15. e6 Bxb2 16. Qxb2 fxe6 17. Bh3 Qe5 18. Qxe5 Nxe5 19. Bxe6+ Nf7 20. Nf3 Kg7 21. b4 Nd6 22. Nd4 Nc4 23. Bd7 Rf6 24. b5 c5 25. Ne6+ Kf7 26. Ng5+ Kg7 27. Rfd1 Ne5 28. Bh3 h6 29. Ne6+ Kf7 30. Nc7 Rd8 31. f4 Nd7 32. Nxd5 Rd6 33. Ne3 Nf6 34. Rxd6 Rxd6 35. Nc4 Rd4 36. e3 Rd8 37. Bg2 Bxg2 38. Kxg2 Ke6 39. Kf3 g5 40. h3 Rd3 41. Ke2 Rd5 42. Nd2 Nh5 43. Ne4 gxf4 44. gxf4 Kf5 45. Nf2 Rd7 46. Ng4 Nxf4+ 47. exf4 Kxf4 48. Nxh6 Rh7 49. Rf1+ Kg5 50. Nf7+ Kh4 51. Kd3 Rg7 52. Rf3 Rg2 53. a3 Rb2 54. Kc4 Rc2+ 55. Kb3 Rc1 56. Ne5 Rb1+ 57. Kc4 Re1 58. Nc6 Re4+ 59. Kc3 a6 60. bxa6 Ra4 61. a7 1-0

[Event "Fagernes GM Swiss 2020"]
[Site "Fagernes"]
[Date "2020.10.11"]
[Round "9.15"]
[White "Vestby-Ellingsen, Mads"]
[Black "Machlik, Monika"]
[Result "1/2-1/2"]
[ECO "B19"]
[WhiteElo "2362"]
[BlackElo "2082"]
[Annotator "RC"]
[PlyCount "182"]
[EventDate "2020.10.04"]
[EventType "swiss"]
[EventCountry "NOR"]
[SourceTitle "playchess.com"]
[Source "ChessBase"]
[SourceQuality "1"]
[TimeControl "40/6000+30:2400+30"]

1. e4 c6 2. d4 d5 3. Nd2 dxe4 4. Nxe4 Bf5 5. Ng3 Bg6 6. h4 h6 7. Nf3 Nd7 8. h5 Bh7 9. Bd3 Bxd3 10. Qxd3 e6 11. Bd2 Ngf6 12. O-O-O Qc7 13. Ne4 O-O-O 14. g3 Nc5 15. Nxc5 Bxc5 16. c4 Qe7 17. a3 Ng4 18. Qe2 Bd6 19. Nh4 Nf6 20. Bc3 Rhe8 21. Nf3 Ng4 22. Kb1 f5 23. Ne5 Nxe5 24. dxe5 Bc7 25. f4 Rxd1+ 26. Rxd1 Rd8 27. Rxd8+ Qxd8 28. Ka2 Bb6 29. g4 Qf8 30. g5 Qf7 31. gxh6 gxh6 32. Qg2 Kd7 33. Bb4 Bc7 34. Bd6 Bd8 35. Qg1 a6 36. Qa7 Ke8 37. a4 Qd7 38. Kb3 Qg7 39. Ka2 Qf7 40. Qg1 Kd7 41. b3 Ke8 42. Kb2 Kd7 43. Qa7 Ke8 44. Qb8 Qd7 45. Qa8 Kf7 46. Qa7 Ke8 47. Qg1 Qf7 48. Kc3 Kd7 49. Qd1 Ke8 50. Bc5 Bc7 51. Qg1 Bd8 52. Qd1 Bc7 53. Kb2 Qg7 54. Ka3 Qf7 55. Qg1 Bd8 56. Qg3 Bc7 57. Qg2 Bd8 58. Qg1 Kd7 59. Qd4+ Ke8 60. Kb4 Qxh5 61. Bf8 Qh1 62. Bc5 Qe1+ 63. Ka3 Qc1+ 64. Ka2 Qc2+ 65. Ka3 Qc1+ 66. Ka2 Ba5 67. b4 Qc2+ 68. Ka3 Qc1+ 69. Ka2 Qc2+ 70. Ka3 Bc7 71. Bb6 Bxb6 72. Qxb6 Qc3+ 73. Ka2 Qxc4+ 74. Ka3 Qc3+ 75. Ka2 Qd2+ 76. Ka3 Qd3+ 77. Ka2 Qd7 78. Qg1 Qf7 79. Qa7 Qd7 80. Qb8+ Kf7 81. a5 Kg7 82. Qa7 Kh7 83. Qf2 h5 84. Qh4 Qd2+ 85. Kb3 Qd3+ 86. Kb2 Qd4+ 87. Kb3 Qd5+ 88. Kc3 Qf3+ 89. Kd4 Qd5+ 90. Kc3 Qf3+ 91. Kd4 Qd5+ 1/2-1/2

[Event "Fagernes GM Swiss 2020"]
[Site "Fagernes"]
[Date "2020.10.11"]
[Round "9.16"]
[White "Kvaloy, Aksel Bu"]
[Black "Skotheim, Andreas"]
[Result "1/2-1/2"]
[ECO "C92"]
[WhiteElo "2174"]
[BlackElo "2120"]
[Annotator "NA"]
[PlyCount "96"]
[EventDate "2020.10.04"]
[EventType "swiss"]
[EventCountry "NOR"]
[SourceTitle "playchess.com"]
[Source "ChessBase"]
[SourceQuality "1"]
[TimeControl "40/6000+30:2400+30"]

1. e4 e5 2. Nf3 Nc6 3. Bb5 a6 4. Ba4 Nf6 5. O-O Be7 6. Re1 b5 7. Bb3 d6 8. c3 O-O 9. h3 Nb8 10. d4 Nbd7 11. Nbd2 Bb7 12. Bc2 Re8 13. Nf1 Bf8 14. Ng3 g6 15. d5 c6 16. dxc6 Bxc6 {[%emt 0:00:06] [#]} 17. b4 $146 {[%emt 0:02:26] C92: Closed Ruy Lopez: 9...Be6, Karpov and Flohr-Zaitsev Variations.} ({Predecessor:} 17. a4 Nc5 18. axb5 axb5 19. Bg5 h6 20. Rxa8 Bxa8 21. Bd2 Bc6 22. b4 Ncd7 23. Qc1 Kh7 24. Bb3 d5 25. exd5 Bxd5 26. Bxd5 Nxd5 {½-½ (61) Sergeyeva,M (2332)-Pascua,H (2443) Bangkog 2018}) 17... Qc7 18. a4 d5 19. axb5 axb5 20. Ra4 Ra6 21. Rxa6 Bb7 22. Ra8 $2 ({White should play} 22. Ra7 $18) 22... Bxa8 23. Bb3 Qxc3 24. Bd2 Qc6 25. exd5 Nxd5 26. Ne4 h6 ({But not} 26... Nxb4 27. Nfg5 $15) 27. Qb1 N7b6 28. Nc5 {[%emt 0:00:00] [#]} Bg7 $1 29. Qa2 Kh7 30. Rc1 f5 31. Qa6 Nc4 32. Qxc6 Bxc6 33. Bxc4 bxc4 34. Rxc4 Bb5 35. Rc1 e4 36. Nh2 Nb6 (36... Ra8 $17 37. Ne6 Bb2) 37. Bc3 Bxc3 38. Rxc3 Nd5 39. Rc1 f4 (39... Nxb4 $17 40. Nb3 Rd8) 40. Rd1 {[%emt 0:00:00] [#]} Nc3 $1 ({But not} 40... Nxb4 $6 41. Ng4 $11) 41. Re1 e3 (41... g5 $17 42. Kh1 h5) 42. fxe3 fxe3 43. Ng4 ({White should play} 43. Nf3 $15) 43... Nd5 44. Nb3 h5 45. Nd4 Bc4 46. Nh2 Nxb4 47. Nf1 Re4 $2 ({Better is} 47... Nd5 $19 48. Nh2 Nf4) 48. Nf3 $11 Kg8 1/2-1/2